 Dungeon Sprint DCSS version 0.21.2 (webtiles) character file.

42 Fang the Skirmisher (level 3, -3/26 HPs)
             Began as a Gargoyle Berserker on Dec 20, 2018.
             Was a Believer of Trog.
             Slain by a worker ant (4 damage)
             ... while paralysed by a floating eye
             ... in the Dungeon (Sprint VII: "The Pits").
             The game lasted 00:00:22 (445 turns).

Fang the Skirmisher (Gargoyle Berserker)             Turns: 445, Time: 00:00:23

Health: -3/26      AC:  5    Str: 21    XL:     3   Next: 56%
Magic:  3/3        EV:  2    Int:  7    God:    Trog [**....]
Gold:   0          SH:  0    Dex:  9    Spells: 2/2 levels left

rFire    . . .     SeeInvis .   j - +2 hand axe
rCold    . . .     Gourm    .   (no shield)
rNeg     + . .     Faith    .   b - +0 animal skin
rPois    ∞         Spirit   .   (no helmet)
rElec    +         Reflect  .   (no cloak)
rCorr    .         Harm     .   (no gloves)
MR       .....     NoTele   +   (no boots)
Stlth    +.........             (no amulet)
HPRegen  0.08/turn              (no ring)
MPRegen  0.08/turn              (no ring)

@: paralysed
A: negative energy resistance 1, electricity resistance, unbreathing,
petrification resistance, rot immunity, AC +3
a: Berserk, Trog's Hand, Burn Spellbooks, Renounce Religion


You were in the Dungeon.
You worshipped Trog.
Trog was pleased with you.
You were not hungry.

You visited 1 branch

Inventory:

Hand Weapons
 j - a +2 hand axe (weapon)
Armour
 b - a +0 animal skin (worn)
Scrolls
 i - a scroll of blinking
 k - 3 scrolls of remove curse
 l - a scroll of summoning
Potions
 a - 2 potions of invisibility
 d - a potion of curing
 e - a potion of heal wounds
 f - a potion of haste
 g - 4 potions of magic
 h - 3 potions of berserk rage
Comestibles
 c - 9 rations


   Skills:
 + Level 5.4 Fighting
 + Level 4.7 Axes
 + Level 3.0 Armour
 + Level 2.4 Dodging
 + Level 1.1 Stealth


You had 2 spell levels left.
You didn't know any spells.

Dungeon Overview and Level Annotations

Branches:
Dungeon (1/1)

Altars:
Cheibriados
Dithmenos
Elyvilon
Fedhas
Gozag
Hepliaklqana
Makhleb
Nemelex Xobeh
Okawaru
Qazlal
Ru
Sif Muna
Trog
Wu Jian
Xom
Yredelemnul
Zin
The Shining One
Jiyva


Innate Abilities, Weirdness & Mutations

You are resistant to torment.
Your stone body is resilient. (AC +3)
You are immune to poison.
You resist negative energy. (rN+)
You are resistant to electric shocks. (rElec)
You can survive without breathing.
You are immune to petrification.
You are immune to rotting.


Message History

A floating eye and a worker ant come into view.
A gnoll and a flying skull come into view.
The gnoll shouts!
The flying skull gives a hideous shriek!
The floating eye turns its gaze towards you.
The worker ant closely misses you.
There is an open door here.
You barely miss the worker ant. The worker ant bites you.
The floating eye's view fixates on you. The worker ant bites you.
You closely miss the worker ant. You hit the gnoll but do no damage.
The gnoll misses you.
The floating eye gazes piercingly through you!
You suddenly lose the ability to move!
The worker ant bites you. The worker ant bites you.
The floating eye's stare focuses on you.
The gnoll hits you with a flail!
* * * LOW HITPOINT WARNING * * *
The worker ant bites you.
You die...

##########'##........
#.?(.')))'.##......#.
##########.##........
#...........'........
#+#####'#####......#.
#...#†# #........
#..†#.# ####'####
#...'.# #.......#
##@#### #.......#
#.ag..# #.......#
#.Gz..# #...<...#
#....... #.......#
#........##.......#
###########.......#
#########


You could see a flying skull, a floating eye, a worker ant and a gnoll.

Vanquished Creatures
  A worker ant (D)
  A gnoll (D)
  An ooze (D)
  A leopard gecko (D)
  A rat (D)
5 creatures vanquished.

Notes
Turn   | Place    | Note
-------+----------+-------------------------------------------
     0 | D        | Fang the Gargoyle Berserker began the quest for the Orb.
     0 | D        | Reached XP level 1. HP: 14/14 MP: 1/1
    11 | D        | Noticed a worker ant
    21 | D        | Killed a worker ant
    21 | D        | Reached skill level 5 in Fighting
    21 | D        | Reached XP level 2. HP: 7/21 MP: 2/2
    21 | D        | Reached XP level 3. HP: 9/26 MP: 3/3
   235 | D        | Found a bloodstained altar of Trog.
   235 | D        | Found a deep blue altar of Sif Muna.
   235 | D        | Found a viscous altar of Jiyva.
   235 | D        | Found a hazy altar of Hepliaklqana.
   235 | D        | Found an opulent altar of Gozag.
   236 | D        | Found a glowing golden altar of the Shining One.
   236 | D        | Found a glowing silver altar of Zin.
   236 | D        | Found a basalt altar of Yredelemnul.
   236 | D        | Found a shimmering altar of Xom.
   236 | D        | Found an ornate altar of the Wu Jian Council.
   236 | D        | Found a sacrificial altar of Ru.
   236 | D        | Found a stormy altar of Qazlal.
   236 | D        | Found an iron altar of Okawaru.
   236 | D        | Found a sparkling altar of Nemelex Xobeh.
   236 | D        | Found a burning altar of Makhleb.
   236 | D        | Found a blossoming altar of Fedhas.
   236 | D        | Found a white marble altar of Elyvilon.
   236 | D        | Found a shadowy altar of Dithmenos.
   236 | D        | Found a snail-covered altar of Cheibriados.
   277 | D        | Reached ** piety under Trog
   284 | D        | Reached skill level 1 in Stealth
   440 | D        | Noticed a floating eye
   441 | D        | Noticed a flying skull
   443 | D        | Paralysed by a floating eye for 3 turns
   444 | D        | HP: 1/26 [gnoll/flail (9)]
   445 | D        | Slain by a worker ant

Skill      XL: |  1  2  3 |
---------------+----------+-----
Fighting       | 5 |  5.4
Axes           | 4 |  4.7
Dodging        | 2 |  2.4
Armour         | 3 |  3.0
Stealth        | 1 |  1.1

Action                   || total
-------------------------++-------
Melee: Hand axe          ||    16
Invok: Berserk           ||     2
 Stab: Sleeping          ||     2
Armor: Animal skin       ||     3
Dodge: Dodged            ||     9
